 Dungeon Crawl Stone Soup version 0.30-a0-1116-gebefce21f7 (webtiles) character file.

Game seed: 13915970178752409575

1662 BillyBaka the Shield-Bearer (level 8, -2/69 (71) HPs)
             Began as a Minotaur Fighter on Apr 21, 2023.
             Was a Follower of Okawaru.
             Slain by a wight
             ... wielding a +2 heavy great sword
              (26 damage)
             ... on level 7 of the Dungeon.
             The game lasted 00:23:27 (5801 turns).

BillyBaka the Shield-Bearer (Minotaur Fighter)      Turns: 5801, Time: 00:23:28

HP:   -2/69 (71)    AC: 12    Str: 20    XL:     8   Next: 69%
MP:   17/17         EV:  5    Int:  5    God:    Okawaru [*.....]
Gold: 250           SH: 12    Dex:  8    Spells: 7/7 levels left

rFire   + + +      SeeInvis +    A - +0 broad axe (elec)
rCold   . . .      Faith    .    s - +0 tower shield
rNeg    + . .      Spirit   .    f - +0 chain mail
rPois   +          Reflect  .    q - +0 hat
rElec   .          Rampage  .    F - +0 cloak
rCorr   .                        E - +0 pair of gloves
Will    .....                    (no boots) Stlth
                                 (no amulet)
HPRegen 0.31/turn                b - ring of the Sky {rPois rF+++ MP+9 Dex-5 SInv}
MPRegen 0.15/turn                G - ring of positive energy

@: lightly drained
A: horns 2, retaliatory headbutt
a: Renounce Religion, Heroism


You were on level 7 of the Dungeon.
You worshipped Okawaru.
Okawaru was aware of your devotion.
You visited 2 branches of the dungeon, and saw 8 of its levels.

You collected 276 gold pieces.
You spent 26 gold pieces at shops.

Inventory:

Hand Weapons
 A - a +0 broad axe of electrocution (weapon)
 D - a +0 arbalest
Missiles
 l - 7 boomerangs (quivered)
 w - a throwing net
Armour
 f - a +0 chain mail (worn)
 q - a +0 hat (worn)
 s - a +0 tower shield (worn)
 E - a +0 pair of gloves (worn)
 F - a +0 cloak (worn)
Jewellery
 b - the ring of the Sky (left hand) {rPois rF+++ MP+9 Dex-5 SInv}
   (You acquired it on level 7 of the Dungeon)

   [ring of poison resistance]

   Dex:       It affects your dexterity (-5).
   rF:        It renders you almost immune to fire.
   rPois:     It protects you from poison.
   MP:        It affects your magic capacity (+9).
   SInv:      It lets you see invisible.
 p - a ring of resist corrosion
 G - a ring of positive energy (right hand)
Wands
 n - a wand of digging (7)
 z - a wand of polymorph (11)
 I - a wand of roots (4)
Scrolls
 g - 3 scrolls of fear
 h - a scroll of enchant armour
 k - 3 scrolls of teleportation
 m - 2 scrolls of magic mapping
 o - 3 scrolls of immolation
 r - a scroll of enchant weapon
 x - a scroll of amnesia
 y - a scroll of silence {unknown}
 H - a scroll of vulnerability {unknown}
Potions
 a - a potion of berserk rage
 c - 3 potions of brilliance {unknown}
 d - a potion of might
 e - 2 potions of resistance {unknown}
 i - 2 potions of curing
 j - 2 potions of ambrosia
 t - a potion of magic {unknown}
 u - a potion of lignification {unknown}
 B - 2 potions of invisibility {unknown}
 C - a potion of haste {unknown}
 J - a potion of degeneration {unknown}


   Skills:
 + Level 6.3 Fighting
 - Level 6.2 Long Blades
 * Level 4.2 Axes
 + Level 1.8 Throwing
 + Level 6.3 Armour
 + Level 4.4 Dodging
 + Level 6.3 Shields
 + Level 1.7 Invocations


You had 7 spell levels left.
You didn't know any spells.
Your spell library contained the following spells:

 Spells                   Type           Power      Damage    Failure   Level
 Apportation              Tloc           0%         N/A       100%        1
 Necrotise                Necr           0%         1d4       100%        1
 Slow                     Hex            0%         N/A       100%        1
 Scorch                   Fire           0%         2d5       100%        2
 Confusing Touch          Hex            0%         N/A       100%        3
 Dazzling Flash           Conj/Hex       0%         N/A       100%        3
 Vampiric Draining        Necr           0%         2d6       100%        3
 Volatile Blastmotes      Fire/Tloc      0%         2d10      100%        3
 Iskenderun's Mystic Bla  Conj/Tloc      0%         2d3       100%        4
 Sticky Flame             Conj/Fire      0%         2d3       100%        4
 Starburst                Conj/Fire      0%         6d3       100%        6
 Summon Small Mammal      Summ           Unusable   N/A       N/A         1

Dungeon Overview and Level Annotations

Branches:
Dungeon (7/15)             Temple (1/1) D:4

Altars:
Ashenzari
Cheibriados
Dithmenos
Elyvilon
Fedhas
Gozag
Hepliaklqana
Makhleb
Okawaru
Qazlal
Ru
Sif Muna
Trog
Uskayaw
Vehumet
Wu Jian
Xom
Yredelemnul
Zin
The Shining One

Shops:
D:7 ?

Annotations:
D:4 2 transporters, superbruh's ghost, amateur DsCK
D:6 2 transporters, kougar's ghost, novice NaEn


Innate Abilities, Weirdness & Mutations

You have a pair of horns on your head.
You reflexively headbutt those who attack you in melee.


Message History

Found a robe.
A sleepcap comes into view.
You hit the sleepcap.
The sleepcap is lightly damaged.
The sleepcap releases spores at you but does no damage.
You hit the sleepcap but do no damage. Lightning courses through the sleepcap!
The sleepcap is heavily damaged.
You block the sleepcap's attack.
The sleepcap releases spores at you but does no damage.
You hit the sleepcap.
The sleepcap is severely damaged.
You block the sleepcap's attack. x2
You slash the sleepcap!
You destroy the sleepcap!
Okawaru accepts your kill.
You hear the creaking of a portcullis.
A wight comes into view. It is wielding a +3 dagger.
A wight comes into view. It is wielding a +0 halberd.
A wight comes into view. It is wielding a +2 heavy great sword.
The wight hits you with a +0 halberd! You partially resist.
You feel drained.
You hit the wight. Lightning courses through the wight!!
You destroy the wight!
Okawaru accepts your kill.
Your life force feels restored.
Things that are here:
a +0 halberd; a +0 robe You hit the wight.
You headbutt the wight!
The wight is severely damaged.
The wight hits you but does no damage.
You slash the wight!
You destroy the wight!
Okawaru accepts your kill.
You barely miss the wight. You block the wight's attack.
You closely miss the wight.
The wight hits you with a +2 heavy great sword!
You closely miss the wight.
The wight hits you with a +2 heavy great sword!!
You partially resist.
You feel drained.
The wight hits you with a +2 heavy great sword!!
You die...

##### #########...## #..
.........#### ##
..#####.......... .###
.............# #...##
..#####......### ##.....##
....##.........# #.......#
..#.##.~~~~≈~~.###.......#
..#....~#####~.)@........#
..####.~# #~.z###.....##
...[...~# #~.## #...##
.......~# #~.# #.##
#.####.~# #~.# .# ..# #.~~
~~.# # ..# ....# ##...'.
....z .###.


You could see a wight.

Vanquished Creatures
  Menkaure (D:6)
  2 black bears
  An orc warrior (D:6)
  2 ogres (D:5)
  A gnoll sergeant (D:5)
  A scorpion (D:4)
  2 wights (D:7)
  Crazy Yiuf (D:6)
  3 jellies
  3 orc priests
  A gnoll bouda (D:5)
  2 hounds
  2 iguanas
  Jessica (D:2)
  4 orc wizards
  2 sleepcaps
  12 gnolls (D:5)
  10 adders
  A worm (D:4)
  4 dart slugs
  25 orcs
  7 endoplasms
  4 giant cockroaches
  4 goblins
  13 hobgoblins
  12 jackals
  8 kobolds
  6 quokkas
  7 ball pythons
  5 bats
  6 frilled lizards
  5 rats
158 creatures vanquished.

Notes
Turn   | Place    | Note
-------+----------+-------------------------------------------
     0 | D:1      | BillyBaka the Minotaur Fighter began the quest for the Orb.
     0 | D:1      | Reached XP level 1. HP: 19/19 MP: 0/0
   206 | D:1      | Reached XP level 2. HP: 27/27 MP: 1/1
   500 | D:2      | Reached skill level 1 in Dodging
   531 | D:2      | Reached XP level 3. HP: 33/33 MP: 2/2
   548 | D:2      | Noticed Jessica
   571 | D:2      | Killed Jessica
   674 | D:2      | Reached XP level 4. HP: 40/40 MP: 3/3
  1066 | D:3      | Noticed a +0 spear
  1067 | D:3      | Noticed a +0 spear
  1068 | D:3      | Noticed a +0 dagger
  1069 | D:3      | Noticed a +0 short sword
  1069 | D:3      | Noticed a +0 falchion
  1069 | D:3      | Noticed a +0 falchion
  1069 | D:3      | Noticed a +0 dagger
  1072 | D:3      | Noticed a +0 short sword
  1163 | D:3      | Reached XP level 5. HP: 40/47 MP: 4/4
  1483 | D:3      | Found a hide-covered altar of Uskayaw.
  2075 | D:4      | Found a transporter.
  2078 | D:4      | Noticed a black bear
  2113 | D:4      | Reached XP level 6. HP: 48/55 MP: 5/5
  2124 | D:4      | Reached skill level 5 in Long Blades
  2241 | D:4      | Found a transporter.
  2259 | D:4      | Noticed superbruh's ghost (amateur DsCK)
  2359 | D:4      | Found a staircase to the Ecumenical Temple.
  2370 | Temple   | Entered the Ecumenical Temple
  2397 | Temple   | Became a worshipper of Warmaster Okawaru
  2492 | D:4      | Reached skill level 5 in Fighting
  2492 | D:4      | Reached skill level 5 in Armour
  2791 | D:4      | Reached skill level 5 in Shields
  2927 | D:5      | Entered Level 5 of the Dungeon
  3000 | D:5      | Reached XP level 7. HP: 33/61 MP: 6/6
  3281 | D:5      | HP: 4/91 [orc/+0 hand axe (3)]
  3311 | D:5      | Reached * piety under Okawaru
  3496 | D:5      | Reached skill level 1 in Axes
  4185 | D:5      | Reached XP level 8. HP: 57/70 MP: 7/7
  4489 | D:6      | Noticed Menkaure
  4499 | D:6      | Killed Menkaure
  4500 | D:6      | Reached skill level 1 in Throwing
  4500 | D:6      | Reached skill level 1 in Invocations
  4622 | D:6      | Found a transporter.
  4623 | D:6      | Found a transporter.
  4624 | D:6      | Noticed kougar's ghost (novice NaEn)
  5239 | D:6      | Found a runed translucent door.
  5240 | D:6      | Noticed Crazy Yiuf
  5248 | D:6      | Killed Crazy Yiuf
  5464 | D:6      | Found a burning altar of Makhleb.
  5534 | D:7      | Got Sif Muna's Almanac of Unholy Phlogiston
  5595 | D:7      | Found Tuiqeoj's Magic Scroll Shoppe.
  5604 | D:7      | Bought a scroll of identify for 26 gold pieces
  5610 | D:7      | Identified a scroll of acquirement
  5612 | D:7      | Acquired the ring of the Sky {rPois rF+++ MP+9 Dex-5 SInv}
  5801 | D:7      | Slain by a wight

Illustrated notes

Levels and vault maps discovered:
D:1:      lightli_arrival_flooded_house, layout_basic, minivault_23,
          solitary_fountain
D:2:      layout_loops_ring, uniq_jessica
D:3:      minmay_diamond_boxcup, layout_basic, nicolae_uskayaw_en_pointe
D:4:      layout_basic, minmay_temple_entry_offerings,
          gammafunk_ghost_stat_death, kennysheep_generic_room_3
D:5:      layout_loops_ring, chequers_ossuary_entry_cave
D:6:      layout_loops_ring, lemuel_coloured_pillars_altar,
          gammafunk_ghost_hive, minmay_misc_feat_rugged,
          uniq_crazy_yiuf_cottage, uniq_menkaure
D:7:      layout_loops_corners, tgw_kikubaaqudgha, serial_shops, shop,
          enter_bailey_3, minmay_chambers_of_fives, uniq_joseph
Temple:   nicolae_temple_no_exploring_needed

Skill      XL: |  1  2  3  4  5  6  7  8 |
---------------+-------------------------+-----
Long Blades    | 3 4 5 6 |  6.2
Dodging        | 1 2 3 4 |  4.4
Fighting       | 4 5 6 |  6.3
Armour         | 4 5 6 |  6.3
Shields        | 4 5 6 |  6.3
Axes           | 2 4 |  4.2
Throwing       | 1 |  1.8
Invocations    | 1 |  1.7

Action                     |  1- 3 |  4- 6 |  7- 9 || total
---------------------------+-------+-------+-------++-------
  Melee: Long sword        |    74 |   187 |    57 ||   318
         Headbutt          |     7 |    27 |    23 ||    57
         Broad axe         |       |       |    99 ||    99
  Throw: Throwing net      |       |     1 |       ||     1
         Boomerang         |       |       |    20 ||    20
 Invoke: Heroism           |       |       |     2 ||     2
    Use: Potion            |       |       |     3 ||     3
         Scroll            |       |       |     9 ||     9
 Armour: Chain mail        |    43 |   113 |    57 ||   213
         Scale mail        |     6 |       |       ||     6
  Dodge: Dodged            |    28 |    56 |    28 ||   112
  Block: Buckler           |    26 |    19 |       ||    45
         Tower shield      |       |    95 |   101 ||   196

Table legend: (Time is in decaauts)
 A = Elapsed time spent in this place.
 B = Non-inter-level travel time spent in this place.
 C = Inter-level travel time spent in this place.
 D = Time resting spent in this place.
 E = Time spent auto-exploring this place.
 F = Levels seen in this place.
 G = Mean time per level.
                   A        B        C        D        E       F      G
               +--------+--------+--------+--------+--------+-----+--------+
         Total |   6026 |   5880 |    146 |    996 |   3147 |   8 |  753.2 |
       Dungeon |   5991 |   5845 |    146 |    996 |   3147 |   7 |  855.9 |
        Temple |     34 |     34 |      0 |      0 |      0 |   1 |   34.0 |
               +--------+--------+--------+--------+--------+-----+--------+

Top non-repeatable levels by time:
     D:5: 1551 daAuts
     D:4: 1181 daAuts
     D:6: 1177 daAuts
     D:3: 750 daAuts
     D:2: 601 daAuts
     D:1: 450 daAuts
     D:7: 278 daAuts
  Temple: 34 daAuts
